 Dungeon Crawl Stone Soup version 0.27.1-3-gb3d3a73c9e (webtiles) character file.

Game seed: 7247189965356984255

25 Descartes the Covert (level 2, -1/16 HPs)
             Began as a Spriggan Delver on Oct 18, 2021.
             Slain by an ufetubus (2 damage)
             ... on level 5 of the Dungeon.
             The game lasted 00:00:22 (101 turns).

Descartes the Covert (Spriggan Delver)               Turns: 101, Time: 00:00:23

Health: -1/16      AC:  2    Str:  8    XL:     2   Next: 86%
Magic:  3/3        EV: 17    Int: 11    God:
Gold:   21         SH:  0    Dex: 16    Spells: 1/1 levels left

rFire    . . .     SeeInvis +   a - +0 short sword
rCold    . . .     Faith    .   (shield restricted)
rNeg     . . .     Spirit   .   j - +0 robe
rPois    .         Reflect  .   (helmet restricted)
rElec    .         Harm     .   (no cloak)
rCorr    .         Rampage  .   (gloves unavailable)
Will     .....                  (boots unavailable)
Stlth    ++++......             (no amulet)
HPRegen  0.05/turn              (no ring)
MPRegen  0.08/turn              (no ring)

@: very quick
A: very small, no large weapons, unfitting armour, see invisible, speed 3
a: no special abilities


You were on level 5 of the Dungeon.
You visited 1 branch of the dungeon, and saw 1 of its levels.

You collected 21 gold pieces.

Inventory:

Hand Weapons
 a - a +0 short sword (weapon)
 b - a +0 hunting sling
Missiles
 i - 8 stones (quivered)
Armour
 j - a +0 robe (worn)
Wands
 g - a wand of digging (3)
Scrolls
 c - a scroll of fog
 d - a scroll of magic mapping
 e - a scroll of fear
 h - a scroll of teleportation {unknown}
Potions
 f - a potion of haste
 k - a potion of curing {unknown}


   Skills:
 + Level 2.5 Fighting
 + Level 2.3 Short Blades
 + Level 2.7 Dodging
 + Level 8.2 Stealth


You had one spell level left.
You didn't know any spells.
Your spell library was empty.

Dungeon Overview and Level Annotations

Branches:
Dungeon (5/15)
 Temple: D:4-7

Altars:


Innate Abilities, Weirdness & Mutations

You are very small and have problems with some larger weapons.
You are too small for most types of armour.
You have supernaturally acute eyesight. (SInv)
You cover ground extremely quickly. (Speed+++)


Message History

You barely miss the howler monkey. The howler monkey hits you.
You barely miss the howler monkey. The howler monkey barely misses you.
The howler monkey hits you.
You are too injured to fight recklessly!
You are too injured to fight recklessly!
You are too injured to fight recklessly!
You are too injured to fight recklessly!
You are too injured to fight recklessly!
You are too injured to fight recklessly!
You are too injured to fight recklessly!
You are too injured to fight recklessly!
You are too injured to fight recklessly!
You are too injured to fight recklessly!
You are too injured to fight recklessly!
You are too injured to fight recklessly!
You are too injured to fight recklessly!
You are too injured to fight recklessly!
You are too injured to fight recklessly!
You are too injured to fight recklessly!
Unknown command.
You see here a sapphire potion.
k - a sapphire potion The howler monkey hoots and howls with incredible vigour!
You miss the ufetubus. The ufetubus completely misses you.
The ufetubus closely misses you. The ufetubus misses you.
The ufetubus barely misses you.
You barely miss the ufetubus. The ufetubus hits you.
The ufetubus completely misses you.
The howler monkey hoots and howls with incredible vigour!
You barely miss the ufetubus. The ufetubus completely misses you.
The ufetubus hits you.
* * * LOW HITPOINT WARNING * * *
The ufetubus hits you.
* * * LOW HITPOINT WARNING * * *
The ufetubus misses you.
You hit the ufetubus.
The ufetubus is lightly wounded.
The ufetubus misses you. The ufetubus barely misses you.
The ufetubus barely misses you. The ufetubus hits you.
You die...

#............
#.#..........
####.#..........
#....#..........
##########.####..........
...........####.....)....
..............h..........
....<......####5.........
...........####.@........
......?..................
...........####..........
...#######.# ##.########
... .... #..# .. .....
##.## .. .... #..# ##.##
#..#


You could see a howler monkey and an ufetubus.

Vanquished Creatures
  An iguana (D:5)
1 creature vanquished.

Notes
Turn   | Place    | Note
-------+----------+-------------------------------------------
     0 | D:5      | Descartes the Spriggan Delver began the quest for the Orb.
     0 | D:5      | Reached XP level 1. HP: 11/11 MP: 2/2
    58 | D:5      | Noticed an iguana
    65 | D:5      | Killed an iguana
    66 | D:5      | Reached skill level 8 in Stealth
    66 | D:5      | Reached XP level 2. HP: 16/16 MP: 3/3
    75 | D:5      | Noticed a howler monkey
   101 | D:5      | Slain by an ufetubus

Illustrated notes

Levels and vault maps discovered:
D:5:      layout_basic

Skill      XL: |  1 |
---------------+----+-----
Stealth        | 8 |  8.2
Fighting       | |  2.5
Short Blades   | |  2.3
Dodging        | |  2.7

Action                   || total
-------------------------++-------
Melee: Short sword       ||     7
 Stab: Sleeping          ||     1
Dodge: Dodged            ||    11
